cohdb
Replays
Latest Replays
All Replays
Popular Replays
Top Player Replays
Match Explorer
How It Works
Community
CoH3 Stats
Reddit
Sign in to upload your games and track your stats! →
Sign in with Steam
Match 44489256
Unlisted
Match 44489256
Overview
Messages
Build Orders
End
Pioneer Squad
Construct Infanterie Kompanie
Selects Breakthrough Battlegroup
Selects Assault Grenadiers
Grenadier Squad
Grenadier Squad
Grenadier Squad
Construct Luftwaffe Kompanie
Selects Rapid Production
221 Scout Car
Jäger Squad
Construct Panzer Kompanie
Medical Bunker
Panzer IV Medium Tank
Stoßtruppen Squad
Selects Breakthrough
Selects Incendiary Bombing Run
Panzer IV Medium Tank
Selects Blitzkrieg
Side Skirts
Blitzkrieg
Panzer IV Medium Tank
咚咚锵个腿
Stormless
0
0
Comments
sign in to comment!
No comments posted yet!